Sewer Rats vs National
(R1)
Created - 1 mars 2015 at 21:53
Goals
|
| Sewer Rats |
2 |
2 |
1 |
5 |
| National |
0 |
0 |
2 |
2 |
|
Shots
|
| Sewer Rats |
14 |
6 |
8 |
28 |
| National |
12 |
7 |
11 |
30 |
|
1st period
1. Sewer Rats , Ville Leino 28 (Steven Reinprecht, John-Michael Liles) at 14:33
2. Sewer Rats , Lars Eller 16 (Jordan Caron, Kyle Quincey) at 16:00
Penalties :
Ty Wishart (Que) for Holding (Minor) at 19:15
2nd period
3. Sewer Rats , Jordan Caron 5 (John Erskine, Lars Eller) at 5:27
4. Sewer Rats , Jordan Caron 6 (Lars Eller, Patrick Bordeleau) at 9:29
Penalties :
John Erskine (Tol) for Holding (Minor) at 7:11, Dustin Kohn (Que) for Fighting (Major) at 13:01, Nick Palmieri (Tol) for Fighting (Major) at 13:01, Matt Duchene (Que) for Holding (Minor) at 13:08, Nick Schultz (Que) for Tripping (Minor) at 18:36
3rd period
5. National , Nick Schultz 3 (Matt Duchene, Magnus Paajarvi-Svensson) at 12:06 (PP)
6. National , Mikael Backlund 29 (Pasi Salonen) at 13:58
7. Sewer Rats , Vojtech Polak 20 (Derek Dorsett, Steven Reinprecht) at 14:27
Penalties :
Mikael Backlund (Que) for Holding (Minor) at 1:26, Mikael Backlund (Que) for Holding (Minor) at 4:15, Denis Bodrov (Que) for Roughing (Minor) at 7:10, John Erskine (Tol) for Tripping (Minor) at 11:53, Jeffrey Foss (Que) for Roughing (Minor) at 15:33, Derek Dorsett (Tol) for Tripping (Minor) at 17:40
Goalie Stats
Semyon Varlamov (Tol), 28 saves from 30 shots - (0,933), W, 23-12-2, 60:00 minutes
Tyler Plante (Que), 14 saves from 18 shots - (0,778), L, 12-11-0, 29:29 minutes
Keith Kinkaid (Que), 9 saves from 10 shots - (0,900), 30:31 minutes
Players Stats for Sewer Rats
Player Name G A P +/- PIM S H SB GA TA FO MP PP MP PK MP
------------------------------------------------------------------------------------
Brandon Sutter 0 0 0 -1 0 2 1 0 1 0 8/20 18:41 6:33 0:27
Chad Denny 0 0 0 0 0 0 0 0 0 1 0/0 4:36 0:00 0:12
Derek Dorsett 0 1 1 1 2 0 0 0 0 0 0/0 9:44 0:21 0:00
John Erskine 0 1 1 2 4 2 3 0 0 1 0/0 25:17 9:04 1:10
John-Michael Liles 0 1 1 2 0 1 1 0 0 1 0/0 26:40 9:04 2:31
Jonathan Paiement 0 0 0 1 0 0 1 1 0 0 0/0 19:11 4:49 1:33
Jordan Caron 2 1 3 3 0 3 0 0 0 0 0/0 9:35 0:01 0:00
Kyle Quincey 0 1 1 1 0 0 1 0 0 0 0/0 18:59 4:49 1:21
Kyle Turris 0 0 0 1 0 0 0 1 2 0 0/4 10:18 0:00 1:06
Lars Eller 1 2 3 3 0 1 0 0 0 0 3/4 9:17 0:00 0:00
Mark Mancari 0 0 0 1 0 3 2 0 0 1 0/0 19:39 7:19 0:34
Mattias Ekholm 0 0 0 0 0 0 0 0 0 0 0/0 5:05 0:00 0:32
Max Pacioretty 0 0 0 -1 0 4 3 1 0 0 0/0 19:47 6:33 1:33
Mike Funk 0 0 0 1 0 0 0 0 0 0 0/0 10:41 0:00 1:03
Nick Palmieri 0 0 0 -1 5 2 3 0 2 0 0/2 16:18 5:35 0:00
Patrick Bordeleau 0 1 1 3 0 2 1 1 0 0 0/0 9:17 0:00 0:00
Steven Kampfer 0 0 0 1 0 1 0 0 0 0 0/0 9:38 0:00 0:00
Steven Reinprecht 0 2 2 1 0 1 1 0 0 0 14/30 21:15 7:19 2:04
Ville Leino 1 0 1 1 0 4 1 0 0 0 0/1 21:15 7:19 2:04
Vojtech Polak 1 0 1 1 0 2 0 0 0 0 0/0 10:32 0:39 0:34
Players Stats for National
Player Name G A P +/- PIM S H SB GA TA FO MP PP MP PK MP
------------------------------------------------------------------------------------
David Desharnais 0 0 0 -1 0 3 1 0 0 0 10/12 17:35 0:03 3:43
Denis Bodrov 0 0 0 -1 2 0 0 0 0 0 0/0 14:21 1:26 0:38
Dustin Kohn 0 0 0 -2 5 0 0 2 1 0 0/0 17:48 0:00 4:54
Igor Makarov 0 0 0 -2 0 1 0 0 0 0 0/1 12:40 1:41 0:00
Jeffrey Foss 0 0 0 -1 2 0 1 0 0 0 0/0 11:14 0:00 0:18
Johannes Salmonsson 0 0 0 0 0 2 0 1 0 0 0/1 15:07 0:03 8:35
Jonathan Cheechoo 0 0 0 -1 0 4 1 1 1 0 0/1 16:46 2:27 0:00
Jonathan Matsumoto 0 0 0 0 0 0 0 0 0 0 5/14 10:33 0:00 8:36
Magnus Paajarvi-Svensson 0 1 1 -1 0 3 2 1 0 0 2/2 18:55 2:27 1:50
Matt Duchene 0 1 1 -1 2 3 2 1 0 0 15/20 17:50 2:27 0:00
Mikael Backlund 1 0 1 -2 4 5 2 0 0 0 3/8 13:36 1:41 0:00
Nick Schultz 1 0 1 -1 2 1 2 1 1 1 0/0 26:56 2:45 7:52
Pasi Salonen 0 1 1 -2 0 3 3 0 0 1 0/1 18:21 1:41 4:55
Pat Dwyer 0 0 0 -1 0 1 2 0 0 1 0/0 9:11 0:00 0:00
Rico Fata 0 0 0 -1 0 2 1 1 1 0 0/0 9:21 0:00 0:07
Sergei Andronov 0 0 0 0 0 1 1 0 0 0 0/0 5:37 0:03 0:00
Ty Wishart 0 0 0 -2 2 1 1 0 0 0 1/1 21:36 1:26 5:03
William Colbert 0 0 0 -1 0 0 3 3 0 2 0/0 28:32 2:45 9:01
3 Stars
1 - Jordan Caron (Tol)
2 - Lars Eller (Tol)
3 - Patrick Bordeleau (Tol)
Power Play
Sewer Rats - 0 on 7 Attempt(s) - 0,00%
National - 1 on 3 Attempt(s) - 33,33%
Penalty Kill
Sewer Rats - 2 on 3 Attempt(s) - 66,67%
- Score 0 goal in Penalty Kill
National - 7 on 7 Attempt(s) - 100,00%
- Score 0 goal in Penalty Kill
Team Stat
Sewer Rats - Hits : 18 - Faceoff Wins : 25 - Blocked Shots : 4 - Penalty Minutes : 11
National - Hits : 22 - Faceoff Wins : 36 - Blocked Shots : 11 - Penalty Minutes : 19
Official
Referees : VanMassenhoven Don and Fraser Kerry
Linesman : Greg Devorski and David Brisebois
Game Notes
Keith Kinkaid enters game at 9:29 of 2nd period
Nick Palmieri beats up Dustin Kohn at 13:01 of 2nd period
Finance
Level 1 -- Attendance: 1370 (68,50%) -- Ticket Income 34 250 $
Level 2 -- Attendance: 775 (77,50%) -- Ticket Income 11 625 $
Total Attendance: 2145 (71,50%)
Total Ticket Income: 45 875 $
Other Income: 2 294 $
Total Income: 48 169 $
Sewer Rats
5 vs 5 Forward
Center Left Wing Right Wing Time % Phy DF OF
1 Steven Reinprecht Ville Leino Mark Mancari 35 1 2 2
2 Brandon Sutter Max Pacioretty Nick Palmieri 35 1 2 2
3 Kyle Turris Vojtech Polak Derek Dorsett 15 1 2 2
4 Lars Eller Patrick Bordeleau Jordan Caron 15 1 2 2
5 vs 5 Defense
Defense Defense Time % Phy DF OF
1 John-Michael Liles John Erskine 40 1 2 2
2 Kyle Quincey Jonathan Paiement 30 1 2 2
3 Steven Kampfer Mike Funk 20 1 2 2
4 Mattias Ekholm Chad Denny 10 1 2 2
PowerPlay Forward
Center Left Wing Right Wing Time % Phy DF OF
1 Steven Reinprecht Ville Leino Mark Mancari 60 1 2 2
2 Brandon Sutter Max Pacioretty Nick Palmieri 40 1 2 2
PowerPlay Defense
Defense Defense Time % Phy DF OF
1 John-Michael Liles John Erskine 60 1 2 2
2 Kyle Quincey Jonathan Paiement 40 1 2 2
Penalty Kill 4 Players Forward
Center Wing Time % Phy DF OF
1 Steven Reinprecht Ville Leino 60 1 2 2
2 Max Pacioretty Mark Mancari 40 1 2 2
Penalty Kill 4 Players Defense
Defense Defense Time % Phy DF OF
1 John-Michael Liles John Erskine 60 1 2 2
2 Kyle Quincey Jonathan Paiement 40 1 2 2
Penalty Kill - 3 Players Forward
Forward Time % Phy DF OF
1 Steven Reinprecht 60 1 2 2
2 Ville Leino 40 1 2 2
Penalty Kill - 3 Players Defense
Defense Defense Time % Phy DF OF
1 John-Michael Liles John Erskine 60 1 2 2
2 Kyle Quincey Jonathan Paiement 40 1 2 2
4 vs 4 Forward
Center Wing Time % Phy DF OF
1 Steven Reinprecht Ville Leino 60 1 2 2
2 Max Pacioretty Mark Mancari 40 1 2 2
4 vs 4 Defense
Defense Defense Time % Phy DF OF
1 John-Michael Liles John Erskine 60 1 2 2
2 Kyle Quincey Jonathan Paiement 40 1 2 2
Last Minutes Offensive
Center Left Wing Right Wing Defense Defense
Steven Reinprecht Ville Leino Mark Mancari John-Michael Liles John Erskine
Last Minutes Defensive
Center Left Wing Right Wing Defense Defense
Steven Reinprecht Ville Leino Mark Mancari John-Michael Liles John Erskine
Goaltenders
Starting : Semyon Varlamov
Backup : Jhonas Enroth
Extra Forwards
Normal : Vojtech Polak, Derek Dorsett, Kyle Turris - PP : Vojtech Polak, Derek Dorsett - PK : Kyle Turris
Extra Defensemen
Normal : Steven Kampfer, Mike Funk, Mattias Ekholm - PP : Steven Kampfer - PK : Mike Funk, Mattias Ekholm
Penalty Shots
Steven Reinprecht, Ville Leino, Max Pacioretty, Mark Mancari, Vojtech Polak
National
5 vs 5 Forward
Center Left Wing Right Wing Time % Phy DF OF
1 Matt Duchene Magnus Paajarvi-Svensson Jonathan Cheechoo 40 0 2 3
2 Mikael Backlund Pasi Salonen Igor Makarov 30 0 2 3
3 David Desharnais Rico Fata Pat Dwyer 20 1 2 2
4 David Desharnais Johannes Salmonsson Sergei Andronov 10 1 2 2
5 vs 5 Defense
Defense Defense Time % Phy DF OF
1 Nick Schultz William Colbert 40 1 2 2
2 Dustin Kohn Ty Wishart 30 1 2 2
3 Jeffrey Foss Denis Bodrov 20 1 2 2
4 Nick Schultz William Colbert 10 1 2 2
PowerPlay Forward
Center Left Wing Right Wing Time % Phy DF OF
1 Matt Duchene Magnus Paajarvi-Svensson Jonathan Cheechoo 60 0 1 4
2 Mikael Backlund Pasi Salonen Igor Makarov 40 0 1 4
PowerPlay Defense
Defense Defense Time % Phy DF OF
1 Nick Schultz William Colbert 60 0 2 3
2 Ty Wishart Denis Bodrov 40 0 2 3
Penalty Kill 4 Players Forward
Center Wing Time % Phy DF OF
1 Jonathan Matsumoto Johannes Salmonsson 60 1 4 0
2 David Desharnais Pasi Salonen 40 1 4 0
Penalty Kill 4 Players Defense
Defense Defense Time % Phy DF OF
1 William Colbert Nick Schultz 60 1 4 0
2 Ty Wishart Dustin Kohn 40 1 4 0
Penalty Kill - 3 Players Forward
Forward Time % Phy DF OF
1 Johannes Salmonsson 60 1 4 0
2 Pasi Salonen 40 1 4 0
Penalty Kill - 3 Players Defense
Defense Defense Time % Phy DF OF
1 William Colbert Nick Schultz 60 1 4 0
2 Ty Wishart Dustin Kohn 40 1 4 0
4 vs 4 Forward
Center Wing Time % Phy DF OF
1 Matt Duchene Jonathan Cheechoo 60 0 2 3
2 Mikael Backlund Pasi Salonen 40 0 2 3
4 vs 4 Defense
Defense Defense Time % Phy DF OF
1 Nick Schultz William Colbert 60 1 2 2
2 Ty Wishart Dustin Kohn 40 1 2 2
Last Minutes Offensive
Center Left Wing Right Wing Defense Defense
Matt Duchene Magnus Paajarvi-Svensson Jonathan Cheechoo Nick Schultz William Colbert
Last Minutes Defensive
Center Left Wing Right Wing Defense Defense
Jonathan Matsumoto Johannes Salmonsson Pat Dwyer Nick Schultz William Colbert
Goaltenders
Starting : Tyler Plante
Backup : Keith Kinkaid
Extra Forwards
Normal : Mikael Backlund, Matt Duchene, Magnus Paajarvi-Svensson - PP : Pasi Salonen, Matt Duchene - PK : Magnus Paajarvi-Svensson
Extra Defensemen
Normal : Ty Wishart, William Colbert, Dustin Kohn - PP : Ty Wishart - PK : Ty Wishart, William Colbert
Penalty Shots
Mikael Backlund, Pasi Salonen, Jonathan Cheechoo, Matt Duchene, William Colbert
% Time on Ice - Sewer Rats
Lines # - Real PCT - Wanted PCT - Time Play
Normal Forward
1 - 28% - 35% - 11:53
2 - 28% - 35% - 11:49
3 - 21% - 15% - 8:57
4 - 22% - 15% - 9:17
Normal Defense
1 - 36% - 40% - 15:05
2 - 31% - 30% - 12:49
3 - 23% - 20% - 9:38
4 - 10% - 10% - 4:24
PP Forward
1 - 53% - 60% - 7:19
2 - 47% - 40% - 6:34
PP Defense
1 - 65% - 60% - 9:04
2 - 35% - 40% - 4:49
PK Forward
1 - 86% - 60% - 3:37
2 - 14% - 40% - 0:34
PK Defense
1 - 68% - 60% - 2:50
2 - 32% - 40% - 1:21
PK3 Forward
1 - 0% - 60%
2 - 0% - 40%
PK3 Defense
1 - 0% - 60%
2 - 0% - 40%
44 Forward
1 - 0% - 60%
2 - 0% - 40%
44 Defense
1 - 0% - 60%
2 - 0% - 40%
Last Minute Offensive - 0:00
Last Minute Defensive - 0:00
Total
Forward - 60:00
Defense - 60:00
|
% Time on Ice - National
Lines # - Real PCT - Wanted PCT - Time Play
Normal Forward
1 - 38% - 40% - 15:46
2 - 28% - 30% - 11:45
3 - 22% - 20% - 9:11
4 - 12% - 10% - 5:14
Normal Defense
1 - 35% - 40% - 14:36
2 - 38% - 30% - 15:47
3 - 24% - 20% - 9:59
4 - 4% - 10% - 1:34
PP Forward
1 - 60% - 60% - 2:30
2 - 40% - 40% - 1:41
PP Defense
1 - 66% - 60% - 2:45
2 - 34% - 40% - 1:26
PK Forward
1 - 74% - 60% - 10:18
2 - 26% - 40% - 3:35
PK Defense
1 - 62% - 60% - 8:39
2 - 38% - 40% - 5:14
PK3 Forward
1 - 0% - 60%
2 - 0% - 40%
PK3 Defense
1 - 0% - 60%
2 - 0% - 40%
44 Forward
1 - 0% - 60%
2 - 0% - 40%
44 Defense
1 - 0% - 60%
2 - 0% - 40%
Last Minute Offensive - 0:00
Last Minute Defensive - 0:00
Total
Forward - 60:00
Defense - 60:00
|
Play by Play
1st period
0:01 of 1st period - Matt Duchene wins face-off versus Steven Reinprecht in neutral zone.
0:04 of 1st period - Snap shot by Matt Duchene.
0:04 of 1st period - Deflect By Magnus Paajarvi-Svensson.
0:04 of 1st period - Stopped by Semyon Varlamov without a rebound.
0:05 of 1st period - Matt Duchene wins face-off versus Steven Reinprecht in Sewer Rats zone.
0:20 of 1st period - Snap shot by Steven Reinprecht.
0:20 of 1st period - Shot Misses the Net.
0:50 of 1st period - Slapshot by Rico Fata.
0:50 of 1st period - Shot Misses the Net.
0:52 of 1st period - Backhand shot by Nick Schultz.
0:52 of 1st period - Shot Blocked by Kyle Turris.
2:24 of 1st period - Slapshot by Steven Kampfer.
2:24 of 1st period - Deflect By Patrick Bordeleau.
2:24 of 1st period - Stopped by Tyler Plante with a rebound.
3:17 of 1st period - Slapshot by Pasi Salonen.
3:17 of 1st period - Stopped by Semyon Varlamov without a rebound.
3:18 of 1st period - Mikael Backlund wins face-off versus Nick Palmieri in Sewer Rats zone.
3:19 of 1st period - Snap shot by Pasi Salonen.
3:19 of 1st period - Stopped by Semyon Varlamov without a rebound.
3:20 of 1st period - Brandon Sutter wins face-off versus Mikael Backlund in Sewer Rats zone.
3:25 of 1st period - Slapshot by Max Pacioretty.
3:25 of 1st period - Stopped by Tyler Plante with a rebound.
3:50 of 1st period - Mattias Ekholm is hit by Matt Duchene and loses puck.
4:04 of 1st period - Off-side.
4:05 of 1st period - David Desharnais wins face-off versus Lars Eller in neutral zone.
4:13 of 1st period - Slapshot by Nick Schultz.
4:13 of 1st period - Shot Misses the Net.
4:15 of 1st period - Slapshot by Nick Schultz.
4:15 of 1st period - Deflect By Rico Fata.
4:15 of 1st period - Stopped by Semyon Varlamov with a rebound.
4:17 of 1st period - Slapshot by Nick Schultz.
4:17 of 1st period - Shot Blocked by Patrick Bordeleau.
4:31 of 1st period - Jonathan Paiement is hit by Matt Duchene and loses puck.
5:04 of 1st period - Pasi Salonen is hit by Jonathan Paiement and loses puck.
5:40 of 1st period - Snap shot by Kyle Turris.
5:40 of 1st period - Shot Misses the Net.
6:14 of 1st period - Snap shot by Derek Dorsett.
6:14 of 1st period - Shot Misses the Net.
6:18 of 1st period - Slapshot by Vojtech Polak.
6:18 of 1st period - Shot Blocked by Magnus Paajarvi-Svensson.
6:20 of 1st period - Snap shot by Vojtech Polak.
6:20 of 1st period - Shot Misses the Net.
6:22 of 1st period - Slapshot by John Erskine.
6:22 of 1st period - Stopped by Tyler Plante with a rebound.
6:24 of 1st period - Slapshot by John Erskine.
6:24 of 1st period - Stopped by Tyler Plante with a rebound.
6:34 of 1st period - Derek Dorsett is hit by Jeffrey Foss and loses puck.
6:43 of 1st period - Snap shot by Jonathan Cheechoo.
6:43 of 1st period - Stopped by Semyon Varlamov with a rebound.
7:09 of 1st period - Slapshot by John-Michael Liles.
7:09 of 1st period - Stopped by Tyler Plante without a rebound.
7:10 of 1st period - David Desharnais wins face-off versus Brandon Sutter in National zone.
7:23 of 1st period - Slapshot by David Desharnais.
7:23 of 1st period - Stopped by Semyon Varlamov without a rebound.
7:24 of 1st period - Mikael Backlund wins face-off versus Steven Reinprecht in Sewer Rats zone.
9:15 of 1st period - Jonathan Paiement is hit by Rico Fata.
9:45 of 1st period - Steven Reinprecht is hit by Nick Schultz.
11:14 of 1st period - Jordan Caron is hit by Ty Wishart and loses puck.
12:34 of 1st period - Mark Mancari is hit by Sergei Andronov and loses puck.
12:53 of 1st period - Max Pacioretty is hit by Pat Dwyer and loses puck.
13:14 of 1st period - Lars Eller is hit by Nick Schultz and loses puck.
13:35 of 1st period - Wrist shot by Mark Mancari.
13:35 of 1st period - Deflect By Ville Leino.
13:35 of 1st period - Stopped by Tyler Plante without a rebound.
13:36 of 1st period - Steven Reinprecht wins face-off versus Jonathan Matsumoto in National zone.
13:58 of 1st period - Icing by Johannes Salmonsson.
13:59 of 1st period - Brandon Sutter wins face-off versus Matt Duchene in National zone.
14:10 of 1st period - Ty Wishart is hit by Brandon Sutter and loses puck.
14:33 of 1st period - Slapshot by Ville Leino.
14:33 of 1st period - Goal by Ville Leino - Sewer Rats : 1 - National : 0.
14:34 of 1st period - Matt Duchene wins face-off versus Brandon Sutter in neutral zone.
14:36 of 1st period - Off-side.
14:37 of 1st period - Matt Duchene wins face-off versus Nick Palmieri in neutral zone.
14:42 of 1st period - Wrist shot by Magnus Paajarvi-Svensson.
14:42 of 1st period - Stopped by Semyon Varlamov with a rebound.
15:02 of 1st period - Wrist shot by Lars Eller.
15:02 of 1st period - Shot Misses the Net.
15:06 of 1st period - Slapshot by Patrick Bordeleau.
15:06 of 1st period - Stopped by Tyler Plante without a rebound.
15:07 of 1st period - Lars Eller wins face-off versus Mikael Backlund in National zone.
16:00 of 1st period - Wrist shot by Lars Eller.
16:00 of 1st period - Goal by Lars Eller - Sewer Rats : 2 - National : 0.
16:01 of 1st period - Matt Duchene wins face-off versus Steven Reinprecht in neutral zone.
16:46 of 1st period - Snap shot by Mikael Backlund.
16:46 of 1st period - Stopped by Semyon Varlamov with a rebound.
16:48 of 1st period - Slapshot by Nick Schultz.
16:48 of 1st period - Shot Misses the Net.
16:50 of 1st period - Slapshot by Igor Makarov.
16:50 of 1st period - Stopped by Semyon Varlamov with a rebound.
17:00 of 1st period - Slapshot by Lars Eller.
17:00 of 1st period - Deflect By Jordan Caron.
17:00 of 1st period - Stopped by Tyler Plante with a rebound.
17:20 of 1st period - Snap shot by Steven Reinprecht.
17:20 of 1st period - Shot Misses the Net.
17:22 of 1st period - Wrist shot by Mark Mancari.
17:22 of 1st period - Stopped by Tyler Plante with a rebound.
17:30 of 1st period - Slapshot by Ville Leino.
17:30 of 1st period - Shot Misses the Net.
17:56 of 1st period - Snap shot by Matt Duchene.
17:56 of 1st period - Stopped by Semyon Varlamov without a rebound.
17:57 of 1st period - Matt Duchene wins face-off versus Kyle Turris in Sewer Rats zone.
18:24 of 1st period - Wrist shot by Mikael Backlund.
18:24 of 1st period - Stopped by Semyon Varlamov with a rebound.
18:32 of 1st period - Wrist shot by Steven Reinprecht.
18:32 of 1st period - Deflect By Ville Leino.
18:32 of 1st period - Stopped by Tyler Plante without a rebound.
18:33 of 1st period - Brandon Sutter wins face-off versus David Desharnais in National zone.
18:44 of 1st period - Wrist shot by Nick Palmieri.
18:44 of 1st period - Shot Misses the Net.
18:46 of 1st period - Slapshot by Nick Palmieri.
18:46 of 1st period - Stopped by Tyler Plante with a rebound.
18:48 of 1st period - Snap shot by Nick Palmieri.
18:48 of 1st period - Shot Misses the Net.
19:00 of 1st period - Kyle Quincey is hit by Jonathan Cheechoo and loses puck.
19:09 of 1st period - Snap shot by Matt Duchene.
19:09 of 1st period - Deflect By Jonathan Cheechoo.
19:09 of 1st period - Stopped by Semyon Varlamov without a rebound.
19:10 of 1st period - Brandon Sutter wins face-off versus Igor Makarov in Sewer Rats zone.
19:10 of 1st period - Brandon Sutter is hit by Pasi Salonen.
19:15 of 1st period - Minor Penalty to Ty Wishart for Holding.
19:16 of 1st period - Jonathan Matsumoto wins face-off versus Steven Reinprecht in National zone.
19:26 of 1st period - Wrist shot by Steven Reinprecht.
19:26 of 1st period - Stopped by Tyler Plante with a rebound.
19:39 of 1st period - Icing by John Erskine.
19:40 of 1st period - Steven Reinprecht wins face-off versus Johannes Salmonsson in Sewer Rats zone.
Goals for this period are 2 for Sewer Rats vs 0 for National.
Shots for this period are 14 for Sewer Rats vs 12 for National.
2nd period
0:01 of 2nd period - Steven Reinprecht wins face-off versus Jonathan Matsumoto in neutral zone.
1:15 of 2nd period - Penalty to Ty Wishart is over, Ty Wishart is back on ice.
1:25 of 2nd period - Slapshot by Pasi Salonen.
1:25 of 2nd period - Stopped by Semyon Varlamov with a rebound.
1:35 of 2nd period - Snap shot by Lars Eller.
1:35 of 2nd period - Shot Misses the Net.
1:44 of 2nd period - Icing by Dustin Kohn.
1:45 of 2nd period - Ty Wishart wins face-off versus Kyle Turris in National zone.
1:50 of 2nd period - Slapshot by Jonathan Cheechoo.
1:50 of 2nd period - Stopped by Semyon Varlamov without a rebound.
1:51 of 2nd period - Matt Duchene wins face-off versus Kyle Turris in Sewer Rats zone.
2:27 of 2nd period - Snap shot by Vojtech Polak.
2:27 of 2nd period - Stopped by Tyler Plante without a rebound.
2:28 of 2nd period - Matt Duchene wins face-off versus Brandon Sutter in National zone.
3:07 of 2nd period - Snap shot by Rico Fata.
3:07 of 2nd period - Deflect By Pat Dwyer.
3:07 of 2nd period - Shot Blocked by Jonathan Paiement.
3:07 of 2nd period - Puck is out of play.
3:08 of 2nd period - David Desharnais wins face-off versus Steven Reinprecht in Sewer Rats zone.
3:23 of 2nd period - Snap shot by Ville Leino.
3:23 of 2nd period - Shot Blocked by Dustin Kohn.
3:30 of 2nd period - Icing by Ty Wishart.
3:31 of 2nd period - David Desharnais wins face-off versus Brandon Sutter in National zone.
4:05 of 2nd period - Off-side.
4:06 of 2nd period - Brandon Sutter wins face-off versus Mikael Backlund in neutral zone.
4:31 of 2nd period - Nick Schultz is hit by Mark Mancari.
4:48 of 2nd period - Rico Fata is hit by Steven Reinprecht and loses puck.
4:57 of 2nd period - Denis Bodrov is hit by Mark Mancari and loses puck.
5:04 of 2nd period - Rico Fata is hit by Ville Leino and loses puck.
5:23 of 2nd period - Wrist shot by Jordan Caron.
5:23 of 2nd period - Shot Misses the Net.
5:25 of 2nd period - Slapshot by John Erskine.
5:25 of 2nd period - Shot Blocked by Dustin Kohn.
5:27 of 2nd period - Slapshot by John Erskine.
5:27 of 2nd period - Deflect By Jordan Caron.
5:27 of 2nd period - Goal by Jordan Caron - Sewer Rats : 3 - National : 0.
5:28 of 2nd period - Matt Duchene wins face-off versus Brandon Sutter in neutral zone.
5:41 of 2nd period - Slapshot by Nick Schultz.
5:41 of 2nd period - Shot Blocked by Max Pacioretty.
5:43 of 2nd period - Backhand shot by Nick Schultz.
5:43 of 2nd period - Shot Misses the Net.
6:19 of 2nd period - Wrist shot by Pasi Salonen.
6:19 of 2nd period - Shot Misses the Net.
6:21 of 2nd period - Snap shot by Mikael Backlund.
6:21 of 2nd period - Shot Misses the Net.
7:02 of 2nd period - Wrist shot by Johannes Salmonsson.
7:02 of 2nd period - Stopped by Semyon Varlamov with a rebound.
7:08 of 2nd period - Wrist shot by Johannes Salmonsson.
7:08 of 2nd period - Deflect By David Desharnais.
7:08 of 2nd period - Stopped by Semyon Varlamov without a rebound.
7:09 of 2nd period - Steven Reinprecht wins face-off versus Mikael Backlund in Sewer Rats zone.
7:11 of 2nd period - Minor Penalty to John Erskine for Holding.
7:12 of 2nd period - Matt Duchene wins face-off versus Steven Reinprecht in Sewer Rats zone.
7:19 of 2nd period - Snap shot by Matt Duchene.
7:19 of 2nd period - Shot Hit the Post.
7:21 of 2nd period - Snap shot by Matt Duchene.
7:21 of 2nd period - Shot Misses the Net.
9:01 of 2nd period - Snap shot by Brandon Sutter.
9:01 of 2nd period - Stopped by Tyler Plante with a rebound.
9:03 of 2nd period - Slapshot by Brandon Sutter.
9:03 of 2nd period - Shot Blocked by Jonathan Cheechoo.
9:11 of 2nd period - Penalty to John Erskine is over, John Erskine is back on ice.
9:15 of 2nd period - Wrist shot by Jonathan Cheechoo.
9:15 of 2nd period - Stopped by Semyon Varlamov with a rebound.
9:17 of 2nd period - Snap shot by Matt Duchene.
9:17 of 2nd period - Stopped by Semyon Varlamov with a rebound.
9:19 of 2nd period - Slapshot by Magnus Paajarvi-Svensson.
9:19 of 2nd period - Deflect By Matt Duchene.
9:19 of 2nd period - Stopped by Semyon Varlamov without a rebound.
9:20 of 2nd period - Lars Eller wins face-off versus David Desharnais in Sewer Rats zone.
9:29 of 2nd period - Wrist shot by Jordan Caron.
9:29 of 2nd period - Goal by Jordan Caron - Sewer Rats : 4 - National : 0.
9:29 of 2nd period - Keith Kinkaid enters game.
9:30 of 2nd period - Brandon Sutter wins face-off versus Pasi Salonen in neutral zone.
9:37 of 2nd period - Snap shot by Brandon Sutter.
9:37 of 2nd period - Shot Misses the Net.
9:43 of 2nd period - Backhand shot by Mikael Backlund.
9:43 of 2nd period - Shot Misses the Net.
9:45 of 2nd period - Wrist shot by Pasi Salonen.
9:45 of 2nd period - Shot Misses the Net.
10:20 of 2nd period - Mike Funk is hit by Magnus Paajarvi-Svensson and loses puck.
10:27 of 2nd period - Slapshot by Matt Duchene.
10:27 of 2nd period - Shot Misses the Net.
12:01 of 2nd period - Jonathan Paiement is hit by Pat Dwyer and loses puck.
12:16 of 2nd period - Snap shot by Nick Palmieri.
12:16 of 2nd period - Deflect By Max Pacioretty.
12:16 of 2nd period - Stopped by Keith Kinkaid without a rebound.
12:17 of 2nd period - Matt Duchene wins face-off versus Brandon Sutter in National zone.
12:24 of 2nd period - Slapshot by Nick Palmieri.
12:24 of 2nd period - Shot Blocked by William Colbert.
12:56 of 2nd period - Icing by Igor Makarov.
12:57 of 2nd period - Brandon Sutter wins face-off versus Mikael Backlund in National zone.
12:58 of 2nd period - Wrist shot by Max Pacioretty.
12:58 of 2nd period - Stopped by Keith Kinkaid without a rebound.
12:59 of 2nd period - Matt Duchene wins face-off versus Brandon Sutter in National zone.
13:01 of 2nd period - Nick Palmieri beats up Dustin Kohn.
13:01 of 2nd period - Penalty to Dustin Kohn for Fighting.
13:01 of 2nd period - Penalty to Nick Palmieri for Fighting.
13:02 of 2nd period - Brandon Sutter wins face-off versus Matt Duchene in neutral zone.
13:08 of 2nd period - Minor Penalty to Matt Duchene for Holding.
13:09 of 2nd period - Jonathan Matsumoto wins face-off versus Steven Reinprecht in National zone.
13:09 of 2nd period - Jonathan Matsumoto is hit by John Erskine.
14:02 of 2nd period - Johannes Salmonsson is hit by Max Pacioretty and loses puck.
14:17 of 2nd period - Ville Leino is hit by William Colbert and loses puck.
15:08 of 2nd period - Penalty to Matt Duchene is over, Matt Duchene is back on ice.
15:23 of 2nd period - Jordan Caron is hit by Mikael Backlund and loses puck.
15:43 of 2nd period - Steven Kampfer is hit by Mikael Backlund and loses puck.
16:05 of 2nd period - Brandon Sutter is hit by David Desharnais and loses puck.
18:36 of 2nd period - Minor Penalty to Nick Schultz for Tripping.
18:37 of 2nd period - Jonathan Matsumoto wins face-off versus Steven Reinprecht in National zone.
19:04 of 2nd period - Johannes Salmonsson is hit by Nick Palmieri and loses puck.
Goals for this period are 2 for Sewer Rats vs 0 for National.
Shots for this period are 6 for Sewer Rats vs 7 for National.
3rd period
0:01 of 3rd period - Steven Reinprecht wins face-off versus Jonathan Matsumoto in neutral zone.
0:10 of 3rd period - Snap shot by Steven Reinprecht.
0:10 of 3rd period - Shot Misses the Net.
0:12 of 3rd period - Slapshot by John-Michael Liles.
0:12 of 3rd period - Shot Misses the Net.
0:14 of 3rd period - Snap shot by John-Michael Liles.
0:14 of 3rd period - Shot Misses the Net.
0:16 of 3rd period - Slapshot by John-Michael Liles.
0:16 of 3rd period - Shot Misses the Net.
0:36 of 3rd period - Penalty to Nick Schultz is over, Nick Schultz is back on ice.
0:42 of 3rd period - Snap shot by Johannes Salmonsson.
0:42 of 3rd period - Shot Misses the Net.
0:48 of 3rd period - Jonathan Matsumoto is hit by Kyle Quincey and loses puck.
1:26 of 3rd period - Minor Penalty to Mikael Backlund for Holding.
1:27 of 3rd period - Steven Reinprecht wins face-off versus Jonathan Matsumoto in National zone.
1:42 of 3rd period - Snap shot by Mark Mancari.
1:42 of 3rd period - Deflect By Nick Schultz.
1:42 of 3rd period - Stopped by Keith Kinkaid without a rebound.
1:43 of 3rd period - Jonathan Matsumoto wins face-off versus Steven Reinprecht in National zone.
1:52 of 3rd period - Dustin Kohn is hit by John Erskine and loses puck.
2:16 of 3rd period - Brandon Sutter is hit by William Colbert and loses puck.
3:05 of 3rd period - Dustin Kohn is hit by John Erskine and loses puck.
3:26 of 3rd period - Penalty to Mikael Backlund is over, Mikael Backlund is back on ice.
3:40 of 3rd period - Wrist shot by Vojtech Polak.
3:40 of 3rd period - Shot Misses the Net.
3:46 of 3rd period - Wrist shot by Rico Fata.
3:46 of 3rd period - Shot Misses the Net.
4:00 of 3rd period - Jordan Caron is hit by Magnus Paajarvi-Svensson and loses puck.
4:15 of 3rd period - Minor Penalty to Mikael Backlund for Holding.
4:16 of 3rd period - Steven Reinprecht wins face-off versus Jonathan Matsumoto in National zone.
4:21 of 3rd period - Wrist shot by Ville Leino.
4:21 of 3rd period - Shot Blocked by Johannes Salmonsson.
4:23 of 3rd period - Snap shot by Ville Leino.
4:23 of 3rd period - Shot Misses the Net.
4:25 of 3rd period - Slapshot by Mark Mancari.
4:25 of 3rd period - Deflect By Ville Leino.
4:25 of 3rd period - Shot Misses the Net.
4:25 of 3rd period - Puck is out of play.
4:26 of 3rd period - Steven Reinprecht wins face-off versus Jonathan Matsumoto in National zone.
4:27 of 3rd period - Snap shot by Mark Mancari.
4:27 of 3rd period - Stopped by Keith Kinkaid without a rebound.
4:28 of 3rd period - Jonathan Matsumoto wins face-off versus Steven Reinprecht in National zone.
5:59 of 3rd period - Johannes Salmonsson is hit by Max Pacioretty and loses puck.
6:15 of 3rd period - Penalty to Mikael Backlund is over, Mikael Backlund is back on ice.
6:26 of 3rd period - Slapshot by Mikael Backlund.
6:26 of 3rd period - Stopped by Semyon Varlamov with a rebound.
6:28 of 3rd period - Slapshot by Ty Wishart.
6:28 of 3rd period - Stopped by Semyon Varlamov with a rebound.
6:30 of 3rd period - Wrist shot by Pasi Salonen.
6:30 of 3rd period - Deflect By Mikael Backlund.
6:30 of 3rd period - Shot Misses the Net.
6:30 of 3rd period - Puck is out of play.
6:31 of 3rd period - Lars Eller wins face-off versus Matt Duchene in Sewer Rats zone.
6:49 of 3rd period - Lars Eller is hit by William Colbert and loses puck.
7:06 of 3rd period - Slapshot by Steven Kampfer.
7:06 of 3rd period - Stopped by Keith Kinkaid without a rebound.
7:07 of 3rd period - David Desharnais wins face-off versus Brandon Sutter in National zone.
7:07 of 3rd period - David Desharnais is hit by Nick Palmieri.
7:10 of 3rd period - Minor Penalty to Denis Bodrov for Roughing.
7:11 of 3rd period - Steven Reinprecht wins face-off versus Jonathan Matsumoto in National zone.
7:25 of 3rd period - Wrist shot by Ville Leino.
7:25 of 3rd period - Stopped by Keith Kinkaid without a rebound.
7:26 of 3rd period - Steven Reinprecht wins face-off versus Jonathan Matsumoto in National zone.
7:53 of 3rd period - Max Pacioretty is hit by Pasi Salonen and loses puck.
9:10 of 3rd period - Penalty to Denis Bodrov is over, Denis Bodrov is back on ice.
9:10 of 3rd period - Snap shot by Max Pacioretty.
9:10 of 3rd period - Stopped by Keith Kinkaid with a rebound.
9:12 of 3rd period - Slapshot by John-Michael Liles.
9:12 of 3rd period - Shot Blocked by Nick Schultz.
9:39 of 3rd period - Snap shot by Max Pacioretty.
9:39 of 3rd period - Deflect By Nick Palmieri.
9:39 of 3rd period - Shot Misses the Net.
9:39 of 3rd period - Puck is out of play.
9:40 of 3rd period - Magnus Paajarvi-Svensson wins face-off versus Ville Leino in National zone.
10:11 of 3rd period - Denis Bodrov is hit by Patrick Bordeleau and loses puck.
11:28 of 3rd period - Icing by Derek Dorsett.
11:29 of 3rd period - David Desharnais wins face-off versus Steven Reinprecht in Sewer Rats zone.
11:30 of 3rd period - Wrist shot by Johannes Salmonsson.
11:30 of 3rd period - Stopped by Semyon Varlamov without a rebound.
11:31 of 3rd period - David Desharnais wins face-off versus Steven Reinprecht in Sewer Rats zone.
11:34 of 3rd period - Wrist shot by David Desharnais.
11:34 of 3rd period - Stopped by Semyon Varlamov without a rebound.
11:35 of 3rd period - David Desharnais wins face-off versus Steven Reinprecht in Sewer Rats zone.
11:44 of 3rd period - Wrist shot by David Desharnais.
11:44 of 3rd period - Shot Misses the Net.
11:46 of 3rd period - Snap shot by Johannes Salmonsson.
11:46 of 3rd period - Shot Misses the Net.
11:48 of 3rd period - Wrist shot by Sergei Andronov.
11:48 of 3rd period - Stopped by Semyon Varlamov without a rebound.
11:49 of 3rd period - Matt Duchene wins face-off versus Brandon Sutter in Sewer Rats zone.
11:53 of 3rd period - Minor Penalty to John Erskine for Tripping.
11:54 of 3rd period - Steven Reinprecht wins face-off versus Matt Duchene in Sewer Rats zone.
12:04 of 3rd period - Wrist shot by Matt Duchene.
12:04 of 3rd period - Shot Misses the Net.
12:06 of 3rd period - Slapshot by Nick Schultz.
12:06 of 3rd period - Goal by Nick Schultz - Sewer Rats : 4 - National : 1.
12:07 of 3rd period - Matt Duchene wins face-off versus Brandon Sutter in neutral zone.
12:43 of 3rd period - Snap shot by Mikael Backlund.
12:43 of 3rd period - Stopped by Semyon Varlamov with a rebound.
12:45 of 3rd period - Snap shot by Pasi Salonen.
12:45 of 3rd period - Shot Misses the Net.
12:57 of 3rd period - Snap shot by Rico Fata.
12:57 of 3rd period - Stopped by Semyon Varlamov without a rebound.
12:58 of 3rd period - David Desharnais wins face-off versus Kyle Turris in Sewer Rats zone.
13:26 of 3rd period - Snap shot by Max Pacioretty.
13:26 of 3rd period - Shot Blocked by Rico Fata.
13:42 of 3rd period - Wrist shot by Pat Dwyer.
13:42 of 3rd period - Stopped by Semyon Varlamov without a rebound.
13:43 of 3rd period - Matt Duchene wins face-off versus Steven Reinprecht in Sewer Rats zone.
13:56 of 3rd period - Wrist shot by Magnus Paajarvi-Svensson.
13:56 of 3rd period - Stopped by Semyon Varlamov without a rebound.
13:57 of 3rd period - Mikael Backlund wins face-off versus Brandon Sutter in Sewer Rats zone.
13:58 of 3rd period - Wrist shot by Pasi Salonen.
13:58 of 3rd period - Deflect By Mikael Backlund.
13:58 of 3rd period - Goal by Mikael Backlund - Sewer Rats : 4 - National : 2.
13:59 of 3rd period - Magnus Paajarvi-Svensson wins face-off versus Brandon Sutter in neutral zone.
13:59 of 3rd period - Nick Schultz is hit by Nick Palmieri and loses puck.
14:25 of 3rd period - Snap shot by Derek Dorsett.
14:25 of 3rd period - Shot Blocked by Matt Duchene.
14:27 of 3rd period - Snap shot by Vojtech Polak.
14:27 of 3rd period - Goal by Vojtech Polak - Sewer Rats : 5 - National : 2.
14:28 of 3rd period - Steven Reinprecht wins face-off versus Jonathan Cheechoo in neutral zone.
14:53 of 3rd period - Pasi Salonen is hit by Max Pacioretty and loses puck.
15:33 of 3rd period - Minor Penalty to Jeffrey Foss for Roughing.
15:34 of 3rd period - Steven Reinprecht wins face-off versus Jonathan Matsumoto in National zone.
15:43 of 3rd period - Wrist shot by Steven Reinprecht.
15:43 of 3rd period - Shot Blocked by William Colbert.
16:03 of 3rd period - Snap shot by Nick Palmieri.
16:03 of 3rd period - Stopped by Keith Kinkaid with a rebound.
16:05 of 3rd period - Snap shot by Nick Palmieri.
16:05 of 3rd period - Shot Blocked by William Colbert.
16:07 of 3rd period - Snap shot by Brandon Sutter.
16:07 of 3rd period - Shot Misses the Net.
16:09 of 3rd period - Slapshot by Brandon Sutter.
16:09 of 3rd period - Stopped by Keith Kinkaid without a rebound.
16:10 of 3rd period - David Desharnais wins face-off versus Steven Reinprecht in National zone.
17:33 of 3rd period - Penalty to Jeffrey Foss is over, Jeffrey Foss is back on ice.
17:40 of 3rd period - Minor Penalty to Derek Dorsett for Tripping.
17:41 of 3rd period - Steven Reinprecht wins face-off versus Matt Duchene in Sewer Rats zone.
18:19 of 3rd period - Kyle Quincey is hit by Pasi Salonen and loses puck.
19:27 of 3rd period - William Colbert is hit by John-Michael Liles.
19:40 of 3rd period - Penalty to Derek Dorsett is over, Derek Dorsett is back on ice.
Goals for this period are 1 for Sewer Rats vs 2 for National.
Shots for this period are 8 for Sewer Rats vs 11 for National.
Output by the SimonT Hockey Simulator (STHS) for François Prévost -- Original Page W3C XHTML 1.0 Valid